 Dungeon Crawl Stone Soup version 0.22-a0-136-g83a10e5 (webtiles) character file.

47 varam the Ruffian (level 3, -5/36 HPs)
             Began as a Troll Monk on Feb 2, 2018.
             Killed from afar by varam's ghost (9 damage)
             ... with a puff of flame
             ... on level 3 of the Dungeon.
             The game lasted 00:01:19 (967 turns).

varam the Ruffian (Troll Monk)                       Turns: 967, Time: 00:01:20

Health: -5/36      AC:  5    Str: 19    XL:     3   Next: 48%
Magic:  2/2        EV: 10    Int:  6    God:
Gold:   49         SH:  0    Dex: 13    Spells: 2/2 levels left

rFire    . . .     SeeInvis .     - Unarmed
rCold    . . .     Gourm    +   (no shield)
rNeg     . . .     Faith    .   a - +0 robe
rPois    .         Spirit   .   (helmet restricted)
rElec    .         Reflect  .   (no cloak)
rCorr    .         Harm     .   (gloves unavailable)
MR       .....                  (boots unavailable)
Stlth    ++........             (no amulet)
HPRegen  0.52/turn              (no ring)
MPRegen  0.08/turn              (no ring)

@: no status effects
A: large, unfitting armour, claws 3, fast metabolism 3, gourmand, regeneration
1, shaggy fur 1, tough skin 2
a: no special abilities


You were on level 3 of the Dungeon.
You were completely stuffed.

You visited 1 branch of the dungeon, and saw 3 of its levels.

You collected 49 gold pieces.

Inventory:

Armour
 a - a +0 robe (worn)
Jewellery
 i - a +4 amulet of reflection {unknown}
Scrolls
 c - 4 scrolls of fog {unknown}
 e - 3 scrolls of identify {unknown}
 g - a scroll of immolation {unknown}
 h - a scroll of teleportation {unknown}
Potions
 d - a potion of heal wounds {unknown}
 j - a potion of might {unknown}
Comestibles
 b - 2 rations
 f - 13 chunks of flesh


   Skills:
 - Level 2.4 Fighting
 - Level 2.4 Dodging
 - Level 1.0 Stealth
 * Level 4.5 Unarmed Combat


You had 2 spell levels left.
You didn't know any spells.

Dungeon Overview and Level Annotations

Branches:
Dungeon (3/15)

Altars:

Annotations:
D:3 varam's ghost, amateur GrFE


Innate Abilities, Weirdness & Mutations

You are too large for most types of armour.
You have claws for hands.
Your metabolism is lightning-fast.
You like to eat raw meat.
Your natural rate of healing is unusually fast.
You are covered in fur. (AC +1)
You have very tough skin. (AC +2)


Message History

You see here a quokka skeleton. x2
You see here a ball python skeleton.
Varam's ghost (amateur Gargoyle Fire Elementalist) comes into view.
It is wielding a weapon of speed.
A leopard gecko comes into view.
Varam's ghost turns its malevolent gaze towards you.
Varam's ghost gestures at you while chanting.
The puff of flame hits you!
Varam's ghost gestures at you while chanting.
The puff of flame hits you!
Varam's ghost keens inconsolably.
An ooze comes into view.
You see here a ball python skeleton.
Varam's ghost points at you and mumbles some strange words.
The puff of flame hits you!
Varam's ghost gestures at you while chanting.
The puff of flame hits you!
* * * LOW HITPOINT WARNING * * *
Varam's ghost gestures at you while chanting.
The puff of flame hits you!
You die...

#.#.####.###
#..........
#.#.##......#.#####
#.......WJ.........
###.###...........#
# ##รท##.#.####
#.##........
#.####.####.
#@####.###
#.####.........
#......<....###
###########.# #


You could see varam's ghost and an ooze.

Vanquished Creatures
  An adder (D:2)
  2 dart slugs
  A leopard gecko (D:1)
  A giant cockroach (D:1)
  4 goblins
  5 hobgoblins
  3 jackals (D:1)
  2 quokkas (D:3)
  A ball python (D:3)
  4 bats
  4 frilled lizards
  A kobold (D:1)
  2 rats
31 creatures vanquished.

Notes
Turn   | Place    | Note
-------+----------+-------------------------------------------
     0 | D:1      | varam the Troll Monk began the quest for the Orb.
     0 | D:1      | Reached XP level 1. HP: 22/22 MP: 0/0
   180 | D:1      | Reached XP level 2. HP: 29/29 MP: 1/1
   480 | D:1      | Reached skill level 4 in Unarmed Combat
   808 | D:2      | Reached XP level 3. HP: 28/36 MP: 2/2
   955 | D:3      | Noticed varam's ghost (amateur GrFE)
   967 | D:3      | Killed from afar by varam's ghost

Vault maps used:
D:1:      saegor_arrival_simple_a, minmay_misc_feat_roman
D:3:      lemuel_crystal_altar

Skill      XL: |  1  2 |
---------------+-------+-----
Unarmed Combat | 4 |  4.5
Fighting       | |  2.4
Dodging        | |  2.4
Stealth        | |  1.0

Action                   || total
-------------------------++-------
Melee: Unarmed           ||    82
 Stab: Sleeping          ||     3
  Eat: Chunk             ||    14
Armor: Robe              ||    23
Dodge: Dodged            ||    39

Table legend:
 A = Spawn XP
 B = Non-spawn XP
 C = Spawn XP percentage of total XP
 D = Spawn monster count
 E = Non-spawn monster count
 F = Spawn count percentage of total count
 G = Total turns spent on level
                    A         B        C        D         E        F      G
               +---------+---------+-------+---------+---------+-------+---------
         Total |       0 |      68 |   0.0 |       0 |      31 |   0.0 |   967
               +---------+---------+-------+---------+---------+-------+---------
           D:1 |       0 |      38 |   0.0 |       0 |      21 |   0.0 |   792
           D:2 |       0 |      25 |   0.0 |       0 |       7 |   0.0 |   141
           D:3 |       0 |       5 |   0.0 |       0 |       3 |   0.0 |    34
               +---------+---------+-------+---------+---------+-------+---------
